[Event "Titled Tuesday Blitz May 10 Late 2022"]
[White "Xiong, Jeffery"]
[Black "Tatarinov, Dmitry"]
[WhiteFideId "2047640"]
[BlackFideId "24160067"]
[WhiteElo "2727"]
[BlackElo "2302"]
[Result "1/2-1/2"]
[Round "02"]
[TimeControl "180+1"]
[Date "2022.05.10"]
[WhiteClock "0:00:10"]
[BlackClock "0:00:10"]

1. e4 c6 2. Nf3 d5 3. d3 g6 4. e5 d4 5. c3 c5 6. Nbd2 Nc6 7. Ne4 Bg7 8. Bf4 dxc3 9. bxc3 f6 10. Nxc5 fxe5 11. Bg3 Qa5 12. Ne4 Nf6 13. Qb3 Nd4 14. Nxd4 exd4 15. Qb4 Qxb4 16. cxb4 Nxe4 17. dxe4 Be6 18. Bd3 Kf7 19. Kd2 Rhc8 20. Rhc1 Rc3 21. Rxc3 dxc3+ 22. Kc2 a5 23. b5 a4 24. e5 Rc8 25. f4 Bd5 26. Be1 Bxg2 27. Bxc3 g5 28. Rg1 Bd5 29. Rxg5 Bxa2 30. Kb2 e6 31. Bxh7 Bd5 32. Bg6+ Kf8 33. Bb4+ Kg8 34. Bd3 Kf7 35. Rg1 Bf8 36. Bg6+ Kg7 37. Be4+ Kf7 38. Bg6+ Kg7 39. Bc2+ Kf7 40. Bxf8 Rxf8 41. Bxa4 Rh8 42. Rc1 Rxh2+ 43. Rc2 Rh4 44. Rc7+ Kf8 45. Kc3 Rxf4 46. Bc2 Ke8 47. Bd3 b6 48. Rg7 Kd8 49. Ra7 Rf3 50. Kd4 Rf4+ 51. Ke3 Rb4 52. Rg7 Kc8 53. Kd2 Kd8 54. Kc3 Rf4 55. Kd2 Kc8 56. Ra7 Kd8 57. Ke3 Rh4 58. Ra6 Kc7 59. Ra1 Rb4 60. Rc1+ Kd7 61. Rg1 Rb3 62. Rg7+ Kd8 63. Kd4 Rb4+ 64. Kc3 Rb3+ 65. Kd2 Rb2+ 66. Ke3 Rb3 67. Kd4 Rb4+ 68. Kc3 1/2-1/2


[Site "https://www.chess.com"]

[Event "Titled Tuesday Blitz May 10 Late 2022"]
[White "Yedidia, Daniel"]
[Black "Perez Rodriguez, Jennifer"]
[WhiteFideId "30905907"]
[BlackFideId "3507831"]
[WhiteElo "2614"]
[BlackElo "2170"]
[Result "1/2-1/2"]
[Round "02"]
[TimeControl "180+1"]
[Date "2022.05.11"]
[WhiteClock "0:00:04"]
[BlackClock "0:00:12"]

1. d4 Nf6 2. c4 e6 3. Nc3 d5 4. cxd5 exd5 5. Bg5 Be7 6. e3 c6 7. Bd3 Nbd7 8. Nge2 Nh5 9. Bxe7 Qxe7 10. O-O O-O 11. Qc2 g6 12. Rad1 Re8 13. Rfe1 Ndf6 14. a3 a5 15. Na4 Bd7 16. Qc5 Qxc5 17. dxc5 Ng7 18. Nd4 Ne6 19. f3 Kg7 20. Kf2 Nxd4 21. exd4 Rxe1 22. Rxe1 Re8 23. Rxe8 Bxe8 24. Ke3 Kf8 25. Nc3 Ke7 26. Kd2 Kd7 27. Kc2 Kc7 28. Kb3 Bd7 29. Na4 Nh5 30. g3 Ng7 31. Nc3 Bf5 32. Bf1 Ne6 33. Ne2 g5 34. Kc3 b6 35. cxb6+ Kxb6 36. Nc1 f6 37. Nb3 h5 38. Be2 h4 39. Nd2 hxg3 40. hxg3 Bg6 41. b4 axb4+ 42. axb4 Kc7 43. Nb3 Kd6 44. Bd1 Ng7 45. g4 Ne6 46. Kb2 Nf4 47. Ka3 Bd3 48. Ka4 Bc4 49. Nd2 Bb5+ 50. Ka5 Ne6 51. Nb3 Bc4 52. Nc5 Nxd4 53. Kb6 Ne6 54. Nb7+ Kd7 55. Ba4 Nd4 56. Na5 Bb5 57. Bxb5 cxb5 58. Kc5 Nxf3 59. Kxb5 Ne5 60. Kc5 Nxg4 61. Kxd5 Ne5 62. b5 Kc7 63. Nb3 g4 64. Nd4 g3 65. Ne2 g2 66. Ke6 Nd7 67. b6+ Nxb6 68. Kxf6 Nd5+ 69. Ke5 Ne3 70. Ng1 Nc4+ 71. Kf4 Nd6 72. Kg3 Nc4 73. Kxg2 1/2-1/2


[Site "https://www.chess.com"]

[Event "Titled Tuesday Blitz May 10 Late 2022"]
[White "YoreDea"]
[Black "Araujo Filho, Luiz Antonio Coel"]
[BlackFideId "2130661"]
[WhiteElo "2493"]
[BlackElo "2280"]
[Result "1-0"]
[Round "02"]
[TimeControl "180+1"]
[Date "2022.05.11"]
[WhiteClock "0:00:59"]
[BlackClock "0:00:01"]

1. d4 f5 2. g4 d5 3. gxf5 Bxf5 4. Nc3 Nf6 5. Nf3 c6 6. Bf4 Nbd7 7. Rg1 Qb6 8. Na4 Qa5+ 9. c3 b5 10. Nc5 Nxc5 11. dxc5 Ne4 12. Nd4 Bd7 13. f3 Nf6 14. e4 dxe4 15. fxe4 Nxe4 16. Bd3 Nf6 17. Qe2 b4 18. Nc2 bxc3 19. b4 Qa4 20. Bc4 Nd5 21. Be5 Nxb4 22. Nxb4 Qxb4 23. Rc1 c2+ 24. Kf2 e6 25. Rxc2 Bxc5+ 26. Kg2 Bxg1 27. Kxg1 Rg8 28. Rd2 Qb1+ 29. Rd1 Qf5 30. Bd6 Rc8 31. Rf1 Qg5+ 32. Kh1 h5 33. Bxe6 Kd8 34. Bxg8 1-0


[Site "https://www.chess.com"]

[Event "Titled Tuesday Blitz May 10 Late 2022"]
[White "Yuan, Qingyu"]
[Black "Martinez Reyes, Pedro Ramon"]
[WhiteFideId "8609772"]
[BlackFideId "3901807"]
[WhiteElo "2359"]
[BlackElo "2410"]
[Result "1-0"]
[Round "02"]
[TimeControl "180+1"]
[Date "2022.05.10"]
[WhiteClock "0:00:28"]
[BlackClock "0:00:13"]

1. e4 c5 2. Nf3 Nc6 3. Bc4 e6 4. O-O d6 5. c3 Nf6 6. Qe2 Be7 7. d4 cxd4 8. cxd4 d5 9. exd5 Nxd5 10. Nc3 O-O 11. Rd1 Nxc3 12. bxc3 Qc7 13. Bd3 b6 14. Qe4 g6 15. Bf4 Bd6 16. Bh6 Re8 17. Qh4 Bb7 18. Re1 Ne7 19. Qf6 Nf5 20. Bxf5 Bf8 21. Bxf8 Rxf8 22. Be4 Bxe4 23. Rxe4 Qxc3 24. Rae1 Rad8 25. h4 Rd5 26. Re5 Rxe5 27. Rxe5 h5 28. Re2 Qd3 29. Rd2 Qe4 30. Qe5 Qb1+ 31. Kh2 Rc8 32. d5 exd5 33. Qxd5 Rc1 34. Qd8+ Kg7 35. Qd4+ Kg8 36. Qf6 Rh1+ 37. Kg3 Rh3+ 38. gxh3 1-0


[Site "https://www.chess.com"]

[Event "Titled Tuesday Blitz May 10 Late 2022"]
[White "Zhigalko, Sergei"]
[Black "Nozdrachev, Leonid"]
[WhiteFideId "13502956"]
[BlackFideId "24113433"]
[WhiteElo "2662"]
[BlackElo "2255"]
[Result "1/2-1/2"]
[Round "02"]
[TimeControl "180+1"]
[Date "2022.05.11"]
[WhiteClock "0:00:11"]
[BlackClock "0:00:05"]

1. e4 d6 2. d4 Nf6 3. Nc3 e5 4. Nf3 Nbd7 5. Bc4 Be7 6. O-O O-O 7. a4 c6 8. Re1 Qc7 9. h3 Re8 10. Ng5 Rf8 11. Nf3 Re8 12. Ba2 Nf8 13. Be3 Ng6 14. Qd2 a6 15. a5 Bd8 16. dxe5 dxe5 17. Ng5 Be6 18. Nxe6 fxe6 19. Red1 Qf7 20. Qe2 Bxa5 21. Bxe6 Qxe6 22. Rxa5 Red8 23. Raa1 Nf4 24. Qf3 Ng6 25. Na4 Qc4 26. Nb6 Qxc2 27. Nxa8 Rxa8 28. Bg5 Nxe4 29. Bd8 Nd2 30. Rxd2 Qxd2 31. Rd1 Qxb2 32. Rd7 Qc1+ 33. Rd1 Qf4 34. Qb3+ Qf7 35. Qb6 a5 36. Bg5 h6 37. Be3 a4 38. Rd8+ Rxd8 39. Qxd8+ Kh7 40. Qa8 b5 41. Qxc6 Qb3 42. Bc5 Qc4 43. Qb6 Qc1+ 44. Kh2 Qf4+ 45. Kg1 Qc4 46. Kh2 Qb3 47. Qa7 b4 48. Qa5 a3 49. Bxb4 a2 50. Bc3 Qc4 51. Kg1 Qb3 52. Kh2 Qc4 53. Kg1 Qe6 54. Qa7 Nf4 55. Bd2 Ne2+ 56. Kh2 Nd4 57. Bc3 Nc2 58. Bb2 Qf5 59. Kg1 Qe6 60. Kh2 Ne1 61. Kg1 Nd3 62. Bc3 Nf4 63. Kh2 Nd5 64. Qxa2 Qd6 65. Qc2+ e4+ 66. Kg1 Nxc3 67. Qxc3 Qd5 68. Qe3 Qf5 69. Kh2 Qg6 70. Kg1 Qf5 71. Qd4 Qg6 72. Kf1 Qf5 73. Ke2 Kg6 74. g3 Qf3+ 75. Ke1 Qh1+ 76. Kd2 Qxh3 77. Qxe4+ Qf5 78. Qg2 Qg5+ 79. Ke2 Qg4+ 80. Kd3 Qf5+ 81. Ke3 Qe5+ 82. Kd2 Qd4+ 83. Kc2 Qc4+ 84. Kd2 Qd4+ 85. Ke2 Qc4+ 86. Ke3 Qc3+ 87. Ke2 Qc2+ 88. Ke1 Qc1+ 89. Ke2 Qc2+ 90. Ke3 Qc3+ 91. Ke2 Qc2+ 1/2-1/2


[Site "https://www.chess.com"]

[Event "Titled Tuesday Blitz May 10 Late 2022"]
[White "Zivkovic, Nemanja"]
[Black "Hoffmann, Asa"]
[WhiteFideId "942154"]
[BlackFideId "2001470"]
[WhiteElo "2364"]
[BlackElo "2117"]
[Result "1-0"]
[Round "02"]
[TimeControl "180+1"]
[Date "2022.05.11"]
[WhiteClock "0:01:46"]
[BlackClock "0:00:37"]

1. e4 d6 2. d4 Nf6 3. Nc3 c6 4. Nf3 Bg4 5. Be3 e6 6. Be2 d5 7. e5 Nfd7 8. Nd2 Bf5 9. g4 Bg6 10. O-O c5 11. f4 cxd4 12. Bxd4 Nc6 13. Bf2 f5 14. exf6 Nxf6 15. Bd3 Bd6 16. Bg3 Bxd3 17. cxd3 Qb6+ 18. Kh1 Qxb2 19. Rc1 O-O 20. h3 Rac8 21. Rc2 Qb6 22. Nf3 Nd4 23. Na4 Qb4 24. Rb2 Nxf3 25. Rxb4 Bxb4 26. Qxf3 b5 27. Rb1 Bd6 28. Rxb5 Rc1+ 29. Kg2 Rfc8 30. Rb2 1-0


[Site "https://www.chess.com"]

[Event "Titled Tuesday Blitz May 10 Late 2022"]
[White "talman67"]
[Black "Vestby-Ellingsen, Mads"]
[BlackFideId "1520857"]
[WhiteElo "2352"]
[BlackElo "2232"]
[Result "1-0"]
[Round "02"]
[TimeControl "180+1"]
[Date "2022.05.11"]
[WhiteClock "0:00:05"]
[BlackClock "0:00:03"]

1. e4 Nf6 2. e5 Nd5 3. d4 d6 4. Nf3 Bg4 5. Be2 e6 6. c4 Nb6 7. exd6 cxd6 8. Nc3 Be7 9. h3 Bh5 10. g4 Bg6 11. d5 e5 12. h4 h5 13. g5 N8d7 14. Bd3 Bxd3 15. Qxd3 Nc5 16. Qe2 Qd7 17. Be3 Rc8 18. b3 Qf5 19. Bxc5 Rxc5 20. Ne4 Rc8 21. O-O-O a5 22. a4 Nd7 23. Kb2 Nc5 24. Nxc5 Rxc5 25. Nd2 Rc8 26. Ne4 g6 27. c5 O-O 28. cxd6 Bd8 29. Rc1 Bb6 30. Rxc8 Rxc8 31. Rc1 Rxc1 32. Kxc1 Qf4+ 33. Kc2 Qxh4 34. f3 Qh3 35. Qb5 Qc8+ 36. Kd3 Qd8 37. d7 Kg7 38. d6 Bd4 39. f4 h4 40. fxe5 h3 41. Kxd4 h2 42. e6 h1=Q 43. Qe5+ f6 44. gxf6+ Kh7 45. Ng5+ Kh6 46. Nf7+ Kh7 47. Nxd8 Qa1+ 48. Kd5 Qd1+ 49. Kc5 Qc2+ 50. Kb6 Qxb3+ 51. Ka7 Qe3+ 52. Qxe3 1-0


[Site "https://www.chess.com"]

[Event "Titled Tuesday Blitz May 10 Late 2022"]
[White "Adla, Diego"]
[Black "Daggupati, Balaji"]
[WhiteFideId "100072"]
[BlackFideId "2090759"]
[WhiteElo "2377"]
[BlackElo "2636"]
[Result "0-1"]
[Round "03"]
[TimeControl "180+1"]
[Date "2022.05.11"]
[WhiteClock "0:00:15"]
[BlackClock "0:00:20"]

1. e4 c5 2. Nf3 e6 3. d4 cxd4 4. Nxd4 Nf6 5. Nc3 Nc6 6. Ndb5 d6 7. Bf4 e5 8. Bg5 a6 9. Na3 b5 10. Nd5 Be7 11. Bxf6 Bxf6 12. c3 Bg5 13. Nc2 O-O 14. h4 Bh6 15. g3 Rb8 16. Bh3 Bxh3 17. Rxh3 a5 18. a3 Kh8 19. Kf1 Qd7 20. Kg2 f5 21. Qd3 f4 22. f3 fxg3 23. Rxg3 Bf4 24. Rg4 Qe6 25. h5 Bh6 26. Rh1 Rf7 27. Rh3 Rbf8 28. Rgg3 Bf4 29. Rg4 Bc1 30. b4 axb4 31. axb4 Bh6 32. Rgg3 Bf4 33. Rg4 Bh6 34. Rgg3 Rb7 35. Rh1 Ra8 36. Ra1 Rxa1 37. Nxa1 Qf7 38. Rh3 Ra7 39. Nb3 Ra2+ 40. Kh1 Qa7 41. Rg3 Qf2 0-1


[Site "https://www.chess.com"]

[Event "Titled Tuesday Blitz May 10 Late 2022"]
[White "Alekseenko, Kirill"]
[Black "Khumalo, Keith"]
[WhiteFideId "4135539"]
[BlackFideId "14319470"]
[WhiteElo "2682"]
[BlackElo "2057"]
[Result "1-0"]
[Round "03"]
[TimeControl "180+1"]
[Date "2022.05.10"]
[WhiteClock "0:00:15"]
[BlackClock "0:00:23"]

1. e4 c5 2. Nf3 d6 3. d4 cxd4 4. Nxd4 Nf6 5. Nc3 g6 6. Nb3 Bg7 7. Be2 O-O 8. g4 Be6 9. g5 Nfd7 10. h4 a6 11. h5 Qc7 12. Nd4 Nc6 13. Be3 Nxd4 14. Bxd4 Bxd4 15. Qxd4 Qc5 16. Qxc5 Nxc5 17. O-O-O b5 18. a3 Rac8 19. f4 Rc7 20. Rhf1 Nd7 21. Rd4 Nb6 22. f5 Bc4 23. f6 Bxe2 24. Nxe2 exf6 25. gxf6 Rfc8 26. c3 Nc4 27. Nf4 Re8 28. Nd5 Rb7 29. Ne7+ Kf8 30. b3 Ne3 31. Rf3 Ng4 32. hxg6 fxg6 33. Rxd6 a5 34. Rd5 Kf7 35. e5 a4 36. b4 Rc7 37. Rxb5 h5 38. Kc2 h4 39. Rf4 Ne3+ 40. Kd3 g5 41. e6+ Kxe6 42. Rxg5 Nd1 43. Nd5 Rd8 44. c4 Nb2+ 45. Kc3 Rxc4+ 46. Rxc4 Nxc4 47. Kxc4 Rc8+ 48. Kd4 h3 49. Re5+ Kf7 50. Rh5 Rc1 51. Rxh3 Rd1+ 52. Ke5 Ra1 53. Rh7+ Kg6 54. Rg7+ Kh6 55. Rg3 Re1+ 56. Kd6 Ra1 57. f7 Rf1 58. Ke6 Kh7 59. Nf6+ 1-0


[Site "https://www.chess.com"]

[Event "Titled Tuesday Blitz May 10 Late 2022"]
[White "Alfaro, William"]
[Black "Kruckenhauser, Arthur"]
[WhiteFideId "6100457"]
[BlackFideId "1642812"]
[WhiteElo "2096"]
[BlackElo "2243"]
[Result "0-1"]
[Round "03"]
[TimeControl "180+1"]
[Date "2022.05.11"]
[WhiteClock "0:01:10"]
[BlackClock "0:01:13"]

1. e4 e5 2. Nf3 Nc6 3. Bb5 a6 4. Ba4 Nf6 5. O-O Nxe4 6. Re1 Nc5 7. Nxe5 Nxe5 8. Rxe5+ Be7 9. Bb3 Nxb3 10. axb3 O-O 11. d4 d5 12. Qf3 c6 13. Nc3 Bd6 14. Re1 Qh4 15. g3 Qxd4 16. Be3 Qg4 17. Qxg4 Bxg4 18. Kg2 Rfe8 19. Bb6 Bf5 20. Rec1 f6 21. Ra4 Kf7 22. h3 h5 23. Rd4 a5 24. Rd2 Ra6 25. Be3 b5 26. Ne2 Bd7 27. c4 bxc4 28. bxc4 Bb4 29. Rd4 c5 30. Rxd5 Bc6 31. Nf4 g5 32. Nxh5 Bxd5+ 33. cxd5 Rd8 34. Rd1 Rad6 35. g4 Rxd5 36. Rc1 a4 37. Ng3 Bd2 38. Bxd2 Rxd2 39. Rxc5 Rxb2 40. Rc7+ Ke6 41. Ra7 Ra2 42. Ra6+ Ke5 43. Ra5+ Rd5 44. Ra8 Rdd2 45. Re8+ Kd5 46. Ne4 Rdc2 47. Nxf6+ Kc4 48. Ne4 a3 49. Ra8 Kd4 50. Ra4+ Rc4 51. Rxc4+ Kxc4 52. Nxg5 Rb2 53. h4 a2 54. h5 a1=Q 55. h6 Rb1 56. Nf3 Qf6 57. g5 Qf5 58. Kg3 Rh1 0-1


[Site "https://www.chess.com"]

[Event "Titled Tuesday Blitz May 10 Late 2022"]
[White "Andreikin, Dmitry"]
[Black "Kadric, Denis"]
[WhiteFideId "4158814"]
[BlackFideId "14403803"]
[WhiteElo "2736"]
[BlackElo "2657"]
[Result "1-0"]
[Round "03"]
[TimeControl "180+1"]
[Date "2022.05.10"]
[WhiteClock "0:01:01"]
[BlackClock "0:00:19"]

1. d4 d6 2. Nf3 Nf6 3. c4 Nbd7 4. Nc3 e5 5. Bg5 h6 6. Bh4 Be7 7. e3 O-O 8. Bd3 exd4 9. exd4 Re8 10. O-O Nh5 11. Bxe7 Qxe7 12. Re1 Qd8 13. Rxe8+ Qxe8 14. Qd2 Nf8 15. Re1 Qd8 16. Qe3 Nf6 17. h3 c6 18. d5 c5 19. Nd2 Ng6 20. Bxg6 fxg6 21. Qg3 Bf5 22. Nb5 Ne8 23. Ne4 Bxe4 24. Rxe4 a6 25. Nc3 g5 26. Re6 Qd7 27. Ne4 Rd8 28. h4 gxh4 29. Qxh4 Rc8 30. Qg4 Qa4 31. Re7 Ra8 1-0


[Site "https://www.chess.com"]

[Event "Titled Tuesday Blitz May 10 Late 2022"]
[White "Ansh M Shah"]
[Black "Tanenbaum, Zachary"]
[WhiteFideId "25033379"]
[BlackFideId "2060850"]
[WhiteElo "1819"]
[BlackElo "2168"]
[Result "0-1"]
[Round "03"]
[TimeControl "180+1"]
[Date "2022.05.11"]
[WhiteClock "0:00:04"]
[BlackClock "0:00:18"]

1. d4 d5 2. c4 dxc4 3. e3 e5 4. Nf3 exd4 5. Qxd4 Qxd4 6. Nxd4 a6 7. a4 c5 8. Nf3 Be6 9. Nbd2 Nc6 10. Bxc4 Bxc4 11. Nxc4 Nf6 12. Ke2 O-O-O 13. b3 Ne4 14. Bb2 f6 15. Rhd1 Be7 16. Rac1 Kc7 17. Nfd2 Nxd2 18. Rxd2 b5 19. axb5 axb5 20. Na3 Rxd2+ 21. Kxd2 Rd8+ 22. Ke2 Kb6 23. Nc2 Na5 24. b4 cxb4 25. Bd4+ Kb7 26. Rb1 b3 27. Na1 b4 28. Nxb3 Nxb3 29. Rxb3 Kc6 30. Kd3 Kb5 31. g4 Rc8 32. Rb1 Ra8 33. h4 Ra2 34. f3 Bc5 35. Rc1 Bxd4 36. Kxd4 b3 37. Kc3 Ka4 38. Rd1 Rc2+ 39. Kd3 Rc7 40. Ra1+ Kb4 41. Ra6 b2 42. Rb6+ Ka3 43. Ra6+ Kb3 44. Rb6+ Ka2 45. Ke4 b1=Q+ 46. Rxb1 Kxb1 47. Kf5 Rc5+ 48. Ke6 Re5+ 49. Kf7 Rxe3 50. f4 Re4 51. Kxg7 Rxf4 52. g5 fxg5 53. hxg5 Rg4 54. Kh6 Kc2 55. Kh5 Rg1 56. Kh6 Kd3 57. Kxh7 Rxg5 0-1


[Site "https://www.chess.com"]

[Event "Titled Tuesday Blitz May 10 Late 2022"]
[White "Araujo Filho, Luiz Antonio Coel"]
[Black "Constantinou, Peter"]
[WhiteFideId "2130661"]
[BlackFideId "413038"]
[WhiteElo "2276"]
[BlackElo "2230"]
[Result "1/2-1/2"]
[Round "03"]
[TimeControl "180+1"]
[Date "2022.05.11"]
[WhiteClock "0:00:07"]
[BlackClock "0:00:13"]

1. d4 g6 2. Nf3 Bg7 3. c4 d6 4. Nc3 e5 5. dxe5 dxe5 6. Qxd8+ Kxd8 7. g3 f6 8. Bg2 Be6 9. O-O Bxc4 10. b3 Be6 11. Bb2 c6 12. Na4 Nd7 13. Rfd1 Kc7 14. Rac1 Nh6 15. Ba3 Bf8 16. Bb2 Nf7 17. Ne1 Nb6 18. Nc5 Bxc5 19. Rxc5 Rhd8 20. Nd3 Rd7 21. Rdc1 Bd5 22. f3 Rad8 23. h4 Kb8 24. Kf2 Be6 25. g4 Rd5 26. Rxd5 cxd5 27. g5 fxg5 28. Nxe5 gxh4 29. Nxf7 Bxf7 30. Be5+ Ka8 31. Bf6 Rc8 32. Rxc8+ Nxc8 33. Bxh4 b6 34. Ke3 Kb7 35. Kd4 Nd6 36. Ke5 Nf5 37. Bf2 Kc6 38. Kf6 Be8 39. e4 Nh6 40. Kg7 Nf7 41. Kf8 Kd7 42. Bh3+ Kd8 43. exd5 g5 44. Be6 Nd6 45. Be3 h6 46. Kg7 Bd7 47. Kxh6 Bxe6 48. dxe6 Ke7 49. Kxg5 Kxe6 50. f4 Nf5 51. Bd2 b5 52. Be1 a6 53. Bd2 Nd6 54. Bb4 Ne4+ 55. Kg4 Nf6+ 56. Kf3 Nd5 57. Bd2 Kf5 58. Bc1 Nc3 59. a3 Nd5 60. Bd2 Nb6 61. Bc3 Nd7 62. Bd2 Nc5 63. b4 Ne4 64. Bc1 Nd6 65. Ke3 Nc4+ 66. Kf3 Nb6 67. Ke3 Nd5+ 68. Kf3 Nf6 69. Ke3 Kg4 70. Kd4 Kf5 71. Kc5 Ne4+ 72. Kb6 Nc3 73. Kxa6 Na2 74. Bb2 Kxf4 75. Kxb5 Ke4 76. a4 Kd5 77. a5 Nxb4 78. Kxb4 Kc6 79. Ka4 Kb7 80. Bc3 Ka7 81. Bd4+ Ka8 82. Kb4 Kb8 83. Kb5 Ka8 84. Be5 Kb7 85. a6+ Ka8 86. Bd4 Kb8 87. Kb6 Ka8 88. Be5 1/2-1/2


[Site "https://www.chess.com"]

[Event "Titled Tuesday Blitz May 10 Late 2022"]
[White "Ardila, Oscar Humberto"]
[Black "Avalos Parra, Joao"]
[WhiteFideId "4404742"]
[BlackFideId "3402541"]
[WhiteElo "1928"]
[BlackElo "2173"]
[Result "0-1"]
[Round "03"]
[TimeControl "180+1"]
[Date "2022.05.11"]
[WhiteClock "0:00:07"]
[BlackClock "0:00:06"]

1. d4 Nf6 2. c4 g6 3. Nc3 Bg7 4. e4 d6 5. Nf3 O-O 6. Be2 Na6 7. O-O e5 8. d5 Nc5 9. Qc2 a5 10. b3 Nh5 11. Bg5 Qe8 12. a3 f6 13. Be3 b6 14. b4 Nb7 15. Nd2 Nf4 16. Bxf4 exf4 17. Nf3 f5 18. exf5 Bxf5 19. Bd3 Bg4 20. Rfe1 Qd8 21. Be2 axb4 22. axb4 Rxa1 23. Rxa1 Qf6 24. Rc1 Ra8 25. h3 Bf5 26. Qd2 g5 27. Nb5 Rc8 28. Nbd4 Bd7 29. Bd3 h5 30. Ne6 Bxe6 31. dxe6 g4 32. hxg4 hxg4 33. Nh2 g3 34. Nf3 Nd8 35. fxg3 fxg3 36. Qe1 Nxe6 37. Qxg3 Nf4 38. Bf1 Re8 39. Re1 Rxe1 40. Qxe1 Qg6 41. Qe3 Qg3 42. Qe8+ Kh7 43. Qe4+ Ng6 44. Bd3 Kh6 45. Qe6 Kh5 46. Qf5+ Kh6 47. Kf1 Bc3 48. Qe6 Bxb4 49. Bxg6 Qxg6 50. Qe3+ Kg7 51. Qe7+ Qf7 52. Qg5+ Kf8 53. Qd8+ Qe8 54. Qxc7 Qf7 55. Qd8+ Kg7 56. Qxb6 Qxc4+ 57. Kg1 Bc5+ 58. Kh2 Bxb6 0-1


[Site "https://www.chess.com"]

[Event "Titled Tuesday Blitz May 10 Late 2022"]
[White "Atanasov, Anthony"]
[Black "Mikhailov, Viacheslav"]
[WhiteFideId "2623897"]
[BlackFideId "4187369"]
[WhiteElo "1928"]
[BlackElo "2381"]
[Result "1-0"]
[Round "03"]
[TimeControl "180+1"]
[Date "2022.05.11"]
[WhiteClock "0:00:36"]
[BlackClock "0:01:58"]

1. d4 Nf6 2. Nf3 g6 3. Bf4 Bg7 4. e3 O-O 5. Be2 d6 6. O-O c5 7. c3 Nc6 8. Nbd2 Bf5 9. Qb3 b6 10. Rfe1 Qc7 11. Bb5 Rfc8 12. e4 Bg4 13. h3 Bxf3 14. Nxf3 a6 15. Bc4 e6 16. Ng5 Na5 17. Nxe6 fxe6 18. Bxe6+ Kh8 19. Qd1 Re8 20. d5 Nc4 21. b3 Ne5 22. Bxe5 dxe5 23. c4 Rad8 24. Qf3 Rf8 25. Qe3 Ne8 26. Rad1 Nd6 27. Bg4 Qe7 28. f3 Rf4 29. a4 Rdf8 30. a5 h5 31. Be6 Qc7 32. axb6 Qxb6 33. Ra1 a5 34. Qc3 Rb8 35. Rxa5 Qxb3 36. Qxb3 Rxb3 37. Ra8+ Kh7 38. Rd8 Bf8 39. Rd7+ Kh6 40. Bg8 Nxc4 41. d6 Rc3 42. Rh7+ Kg5 43. d7 Rd3 44. Bd5 Rd2 45. d8=Q+ Rf6 46. h4+ 1-0


[Site "https://www.chess.com"]

[Event "Titled Tuesday Blitz May 10 Late 2022"]
[White "Atanejhad, Sahebali"]
[Black "Bashirli, Nail"]
[WhiteFideId "12506664"]
[BlackFideId "13406809"]
[WhiteElo "1953"]
[BlackElo "2333"]
[Result "0-1"]
[Round "03"]
[TimeControl "180+1"]
[Date "2022.05.11"]
[WhiteClock "0:00:05"]
[BlackClock "0:00:15"]

1. d4 e6 2. Nf3 Nf6 3. c4 c5 4. d5 b5 5. Bg5 d6 6. e4 exd5 7. cxd5 b4 8. a3 Be7 9. Bxf6 Bxf6 10. Qc2 O-O 11. Bd3 Nd7 12. O-O b3 13. Qe2 Re8 14. Nbd2 Rb8 15. Nc4 Nb6 16. Nfd2 Nxd5 17. g3 Ba6 18. Rfd1 Nc7 19. Qh5 g6 20. Qf3 Ne6 21. e5 dxe5 22. Ne4 Bg7 23. Ncd6 Re7 24. Bxa6 Nd4 25. Qd3 Rb6 26. Bc4 Rxd6 27. Nxd6 Qxd6 28. Bxb3 Rb7 29. Ba2 Qc6 30. Qc4 Bf6 31. Rxd4 exd4 32. Re1 Kg7 33. Rc1 Be7 34. Qxd4+ cxd4 35. Rxc6 Rxb2 36. Bc4 Bxa3 37. Rc7 Kf6 38. Rxf7+ Ke5 39. Rxa7 Bc5 40. Ra5 Kd6 41. Ra6+ Bb6 42. Kf1 g5 43. Bd3 h5 44. Ra8 Rb3 45. Ke2 Rb2+ 46. Kf3 g4+ 47. Ke4 Rxf2 48. Rh8 Rxh2 49. Rh6+ Kc5 50. Rh8 Rh1 51. Rc8+ Kd6 52. Rh8 Re1+ 53. Kf4 Re3 54. Bb5 Bc7 55. Rh6+ Kc5+ 56. Kf5 Kxb5 57. Rh7 Re5+ 58. Kg6 Bd6 59. Rxh5 Rxh5 60. Kxh5 d3 61. Kxg4 d2 62. Kf3 d1=Q+ 0-1


[Site "https://www.chess.com"]

[Event "Titled Tuesday Blitz May 10 Late 2022"]
[White "Bettalli, Francesco"]
[Black "Gomez Ledo, Roberto Carlos"]
[WhiteFideId "2816453"]
[BlackFideId "3507076"]
[WhiteElo "2216"]
[BlackElo "2379"]
[Result "1-0"]
[Round "03"]
[TimeControl "180+1"]
[Date "2022.05.11"]
[WhiteClock "0:01:38"]
[BlackClock "0:00:17"]

1. d4 Nf6 2. Nc3 d6 3. e4 e5 4. Nge2 Be7 5. g3 c6 6. Bg2 b6 7. O-O Nbd7 8. h3 h5 9. f4 Bb7 10. dxe5 dxe5 11. f5 a6 12. Be3 Bc5 13. Qc1 Qe7 14. Kh1 Bxe3 15. Qxe3 h4 16. g4 Nh7 17. Rad1 Qc5 18. Qxc5 Nxc5 19. b4 Nd7 20. Na4 O-O-O 21. Nec3 Kc7 22. Rd2 Ndf6 23. Rfd1 Rxd2 24. Rxd2 Ng5 25. Kg1 Ra8 26. Kf2 a5 27. b5 c5 28. Ke3 Re8 29. Nb2 Re7 30. Nc4 Ne8 31. Na4 Nf6 32. Naxb6 Bxe4 33. Bxe4 Ngxe4 34. Nd5+ Nxd5+ 35. Rxd5 Ng5 36. Rxc5+ Kb8 37. Nxa5 Re8 38. Nc6+ Kb7 39. Rxe5 Ra8 40. c4 Ra3+ 41. Kd2 Rxa2+ 42. Kc3 Ra3+ 43. Kb4 Rxh3 44. Re7+ Kc8 45. b6 1-0


[Site "https://www.chess.com"]

[Event "Titled Tuesday Blitz May 10 Late 2022"]
[White "Bilych, Olexiy"]
[Black "Melkumyan, Hrant"]
[WhiteFideId "14156504"]
[BlackFideId "13302485"]
[WhiteElo "2176"]
[BlackElo "2604"]
[Result "0-1"]
[Round "03"]
[TimeControl "180+1"]
[Date "2022.05.10"]
[WhiteClock "0:00:14"]
[BlackClock "0:00:49"]

1. e4 c6 2. d4 d5 3. e5 Bf5 4. h4 h5 5. Bd3 Bxd3 6. Qxd3 Qa5+ 7. Nd2 c5 8. dxc5 e6 9. a4 Nc6 10. Nf3 Nh6 11. O-O Nf5 12. Nb3 Qc7 13. Re1 Be7 14. Bg5 Bxg5 15. hxg5 h4 16. a5 a6 17. g6 fxg6 18. Ra4 Rh5 19. Rg4 Nce7 20. Nfd4 Qd7 21. c6 Nxc6 22. Nc5 Qf7 23. Ndxe6 h3 24. Nf4 hxg2 25. Nxh5 gxh5 26. Rxg2 O-O-O 27. e6 Qf6 28. c3 g5 29. Qd2 Nh4 30. Rg3 Ne5 31. Qe2 Nhf3+ 32. Kg2 g4 33. e7 Qxe7 34. Rxf3 gxf3+ 35. Qxf3 Rg8+ 36. Kf1 Rg1+ 37. Kxg1 Nxf3+ 0-1


[Site "https://www.chess.com"]

[Event "Titled Tuesday Blitz May 10 Late 2022"]
[White "Bjelobrk, Igor"]
[Black "Garagulya, Konstantin"]
[WhiteFideId "4300726"]
[BlackFideId "4128931"]
[WhiteElo "2335"]
[BlackElo "2329"]
[Result "1-0"]
[Round "03"]
[TimeControl "180+1"]
[Date "2022.05.11"]
[WhiteClock "0:00:06"]
[BlackClock "0:00:01"]

1. Nf3 Nf6 2. c4 e6 3. g3 d5 4. d4 Bb4+ 5. Bd2 a5 6. Bg2 dxc4 7. a3 Be7 8. Qa4+ Bd7 9. Qxc4 b5 10. Qc2 Bc6 11. O-O O-O 12. Rc1 Ra7 13. Be3 Be4 14. Qd1 Nd5 15. Qd2 Nd7 16. Nc3 Nxc3 17. Qxc3 Nb6 18. Qb3 c6 19. Ne5 Bxg2 20. Kxg2 a4 21. Qc2 Qd5+ 22. Kg1 Rc7 23. Nxc6 Bf6 24. Bf4 Rd7 25. e4 Qb3 26. Qxb3 axb3 27. Rc3 Bxd4 28. Rxb3 Nc4 29. Nxd4 Rxd4 30. Rxb5 h6 31. a4 g5 32. Bc7 Rc8 33. Rb7 Rd2 34. b3 Nb2 35. Rb8 Rxb8 36. Bxb8 Rd3 37. b4 Rb3 38. b5 Rb4 39. e5 Nxa4 40. Bd6 Rc4 41. Rb1 Nb6 42. Ra1 Kg7 43. Ra6 Rc1+ 44. Kg2 Nd5 45. Ra8 Rb1 46. Rb8 Rb2 47. Bc5 g4 48. b6 Rb5 49. b7 1-0


[Site "https://www.chess.com"]

[Event "Titled Tuesday Blitz May 10 Late 2022"]
[White "Blackman, Justin"]
[Black "Prieto Aranguren, Alain"]
[WhiteFideId "11100516"]
[BlackFideId "2268906"]
[WhiteElo "2112"]
[BlackElo "2235"]
[Result "1-0"]
[Round "03"]
[TimeControl "180+1"]
[Date "2022.05.11"]
[WhiteClock "0:00:23"]
[BlackClock "0:00:04"]

1. e4 c6 2. d4 d5 3. exd5 cxd5 4. Bd3 Nc6 5. c3 Qc7 6. h3 g6 7. Nf3 Bf5 8. Be2 Nf6 9. O-O Bg7 10. Nbd2 O-O 11. Re1 Rfe8 12. Bf1 Rac8 13. Nb3 b6 14. a4 Ne4 15. Bb5 Red8 16. Nbd2 Nd6 17. Ba6 Rb8 18. Nf1 Na5 19. Bf4 Nac4 20. b3 Na5 21. Rc1 Be4 22. Ne5 f6 23. Nd3 Re8 24. Ne3 e5 25. dxe5 fxe5 26. Bg3 Nf5 27. Nxf5 gxf5 28. Nb4 Qc5 29. Kh2 f4 30. Bh4 Rbd8 31. Bxd8 Rxd8 32. Rxe4 Qxf2 33. Re1 Qg3+ 34. Kh1 Nxb3 35. Qxb3 f3 36. Bf1 e4 37. Rxe4 Kh8 38. Rg4 Qf2 39. Qc2 Qe3 40. Rd1 f2 41. Nxd5 Qe1 42. c4 Rg8 43. Qe2 Qb4 44. Qxf2 1-0


[Site "https://www.chess.com"]